 Dungeon Crawl Stone Soup version 0.19.4-9-g45fd643 (webtiles) character file.

41 JeffiDaFish the Stinger (level 3, 0/19 HPs)
             Began as a Gargoyle Venom Mage on Feb 21, 2017.
             Slain by a hobgoblin
             ... wielding a +0 club
              (2 damage)
             ... on level 2 of the Dungeon.
             The game lasted 00:04:55 (1385 turns).

JeffiDaFish the Stinger (Gargoyle Venom Mage)       Turns: 1385, Time: 00:04:56

Health: 0/19       AC:  7    Str: 11    XL:     3   Next: 52%
Magic:  6/6        EV: 11    Int: 17    God:
Gold:   75         SH:  0    Dex: 11    Spells: 2 memorised, 2 levels left

rFire  . . .     SeeInvis .     e - +1 mace
rCold  . . .     Gourm    .     d - +0 leather armour
rNeg   + . .     Faith    .     (no shield)
rPois  ∞         Spirit   .     i - +0 helmet
rElec  +         Reflect  .     (no cloak)
rCorr  .         Harm     .     (no gloves)
MR     .....                    (no boots)
Stlth  ++........               (no amulet)
                                (no ring)
                                (no ring)

@: no status effects
A: big wings, clever 1, low mp 1, negative energy resistance 1, electricity
resistance, unbreathing, petrification resistance, rot immunity, AC +3
a: Fly


You were on level 2 of the Dungeon.
You were not hungry.

You visited 1 branch of the dungeon, and saw 2 of its levels.

You collected 75 gold pieces.

Inventory:

Hand Weapons
 e - a +1 mace (weapon)
Armour
 d - a +0 leather armour (worn)
 i - a +0 helmet (worn)
Scrolls
 j - 4 scrolls of identify
Potions
 f - 2 potions of curing
 h - a potion of berserk rage
Books
 b - a Young Poisoner's Handbook

   Spells                             Type                      Level
   a - Sting                          Conjuration/Poison           1
   b - Mephitic Cloud                 Conjuration/Poison/Air       3
   c - Olgreb's Toxic Radiance        Poison                       4
   d - Alistair's Intoxication        Transmutation/Poison         5
   e - Venom Bolt                     Conjuration/Poison           5
Comestibles
 a - 4 chunks of flesh
 c - a bread ration
 g - a fruit
 l - 2 meat rations


   Skills:
 + Level 0.8 Maces & Flails
 + Level 0.7 Armour
 + Level 1.7 Dodging
 + Level 2.2 Stealth
 + Level 2.4 Spellcasting
 + Level 0.2 Conjurations
 + Level 4.4 Poison Magic


You had 2 spell levels left.
You knew the following spells:

 Your Spells              Type           Power        Failure   Level  Hunger
a - Sting                 Conj/Pois      ##..         12%         1    #......
b - Mephitic Cloud        Conj/Pois/Air  #.......     38%         3    ###....


Dungeon Overview and Level Annotations

Branches:
Dungeon (2/15)

Altars:
Cheibriados


Innate Abilities, Weirdness & Mutations

You are resistant to torment.
Your stone body is resilient. (AC +3)
You are immune to poison.
You resist negative energy. (rN+)
You are resistant to electric shocks. (rElec)
You can survive without breathing.
You are immune to petrification.
You are immune to rotting.
Your large and strong wings let you fly indefinitely.
Your mind is acute. (Int +2)
Your magical capacity is low. (-10% MP)


Message History

* * * LOW HITPOINT WARNING * * *
Some of the chunks of flesh in your inventory have rotted away.
The hobgoblin hits you but does no damage.
The hobgoblin hits you with a club.
* * * LOW HITPOINT WARNING * * *
The hobgoblin barely misses you. The hobgoblin barely misses you.
The hobgoblin barely misses you.
The hobgoblin hits you but does no damage.
The hobgoblin misses you. The hobgoblin barely misses you.
The hobgoblin closely misses you. The hobgoblin completely misses you.
The hobgoblin hits you but does no damage.
The hobgoblin hits you with a club.
* * * LOW HITPOINT WARNING * * *
The hobgoblin hits you but does no damage.
The hobgoblin hits you but does no damage.
The hobgoblin hits you with a club.
You die...

# #...# ####...## ....>.#
#.#)#####....###.
.....<.##................
.......#............#####
...........>.........#
............[........#
........<.._.........####
........g................
.....#.@................
....###............#####
........................
######...##........#####
#..####(.......# ....#
#........# #####
#........####
#...........##
#........##...


You could see a hobgoblin.

Vanquished Creatures
  An adder (D:2)
  A giant cockroach (D:1)
  8 goblins
  3 hobgoblins
  5 kobolds
  2 ball pythons (D:1)
  4 bats
  3 frilled lizards (D:2)
  4 rats (D:1)
31 creatures vanquished.

Notes
Turn   | Place    | Note
-------+----------+-------------------------------------------
     0 | D:1      | JeffiDaFish the Gargoyle Venom Mage began the quest for the Orb.
     0 | D:1      | Reached XP level 1. HP: 10/10 MP: 3/3
   395 | D:1      | Reached XP level 2. HP: 15/15 MP: 3/5
   758 | D:1      | Reached XP level 3. HP: 19/19 MP: 6/6
   763 | D:1      | Learned a level 3 spell: Mephitic Cloud
   916 | D:2      | Found a snail-covered altar of Cheibriados.
  1223 | D:2      | Gained mutation: Your large and strong wings let you fly indefinitely. [potion of mutation]
  1223 | D:2      | Gained mutation: Your mind is acute. (Int +2) [potion of mutation]
  1223 | D:2      | Gained mutation: Your magical capacity is low. (-10% MP) [potion of mutation]
  1385 | D:2      | Slain by a hobgoblin

Action                   || total
-------------------------++-------
Melee: Mace              ||    69
       Unarmed           ||     1
 Cast: Sting             ||    32
  Use: Potion            ||     4
       Scroll            ||     7
 Stab: Sleeping          ||     1
  Eat: Chunk             ||     2
Armor: Leather armour    ||    72
Dodge: Dodged            ||    96
